 Dungeon Crawl Stone Soup version 0.17.2-1-ge4368a0 (webtiles) character file.

54 DarthKuruptios the Skirmisher (level 3, -6/34 HPs)
             Began as a Minotaur Berserker on Dec 5, 2018.
             Was a Believer of Trog.
             Mangled by Natasha (8 damage)
             ... on level 2 of the Dungeon.
             The game lasted 00:03:46 (1328 turns).

DarthKuruptios the Skirmisher (Minotaur Berserker)  Turns: 1328, Time: 00:03:48

Health: -6/34      AC:  2    Str: 21    XL:     3   Next: 66%
Magic:  2/2        EV:  9    Int:  4    God:    Trog [**....]
Gold:   33         SH:  7    Dex: 10    Spells: 0 memorised, 2 levels left

rFire  . . .     SeeInvis .     a - +0 hand axe
rCold  . . .     Clarity  .     b - +0 animal skin
rNeg   . . .     SustAt   .     d - +0 shield
rPois  .         Gourm    .     (helmet restricted)
rElec  .         Spirit   .     (no cloak)
rCorr  .         Warding  .     (no gloves)
rMut   .         Stasis   .     (no boots)
MR     .....                    (no amulet)
Stlth  +.........               (no ring)
                                (no ring)

@: hasted, very quick, not resistant to hostile enchantments, very unstealthy
A: retaliatory headbutt, horns 2
a: Berserk, Trog's Hand, Burn Spellbooks, Renounce Religion


You were on level 2 of the Dungeon.
You worshipped Trog.
Trog was pleased with you.
You were not hungry.

You visited 1 branch of the dungeon, and saw 2 of its levels.

You collected 33 gold pieces.

Inventory:

Hand Weapons
 a - a +0 hand axe (weapon)
Armour
 b - a +0 animal skin (worn)
 d - a +0 shield (worn)
Jewellery
 i - a cursed amulet of inaccuracy {unknown}
Scrolls
 f - a scroll of identify
 k - a scroll of noise {unknown}
Potions
 e - 2 potions of agility
 h - a potion of magic {unknown}
Comestibles
 c - 2 bread rations
 j - a chunk of flesh


   Skills:
 + Level 4.3 Fighting
 + Level 4.3 Axes
 + Level 2.6 Armour
 + Level 2.9 Dodging
 + Level 0.1 Stealth
 + Level 0.2 Shields


You had 2 spell levels left.
You didn't know any spells.

Dungeon Overview and Level Annotations

Branches:
Dungeon (2/15)

Altars:
Elyvilon
Vehumet

Annotations:
D:2 Natasha


Innate Abilities, Weirdness & Mutations

You reflexively headbutt those who attack you in melee.
You have a pair of horns on your head.


Message History

Your shield prevents you from hitting the hobgoblin.
You barely miss the shadow imp. You block Natasha's attack.
The hobgoblin barely misses you.
The shadow imp hits you but does no damage.
You hit Natasha but do no damage.
Natasha is almost dead.
You hit the shadow imp but do no damage.
You barely miss the hobgoblin.
Natasha howls an incantation.
Natasha's fingertips start to glow.
You block Natasha's attack. You block the hobgoblin's attack.
The shadow imp hits you. Natasha claws you!
Drink which item? (? for menu, Esc to quit)
It was a potion of haste.
You feel yourself speed up. You block the hobgoblin's attack.
The shadow imp gestures at you. Pain shoots through your body!
* * * LOW HITPOINT WARNING * * *
Natasha claws you!
You die...

#.#.....######..#
#...####.## ##.#
.......###...######.#
....................#
###..#####...########
#..######.## .#
......)...########.###
##.##.###..(...†.......
#.........g@h#...#
#...#..#####5......
##.#_#.# .......
#..#... ....... #..g...
.....## ........
##..... ####### #>###
.#


You could see Natasha, a shadow imp and a hobgoblin.

Vanquished Creatures
  2 adders (D:2)
  A worm (D:2)
  2 giant cockroaches
  4 hobgoblins (D:1)
  5 bats (D:1)
  A giant gecko (D:1)
  4 giant newts
  4 goblins
  6 kobolds
  6 rats
35 creatures vanquished.

Notes
Turn   | Place    | Note
--------------------------------------------------------------
     0 | D:1      | DarthKuruptios the Minotaur Berserker began the quest for the Orb.
     0 | D:1      | Reached XP level 1. HP: 19/19 MP: 0/0
   121 | D:1      | Reached skill level 4 in Fighting
   231 | D:1      | Reached XP level 2. HP: 25/27 MP: 1/1
   431 | D:1      | Reached ** piety under Trog
   825 | D:2      | Reached XP level 3. HP: 22/33 MP: 2/2
  1035 | D:2      | Found a white marble altar of Elyvilon.
  1298 | D:2      | Found a radiant altar of Vehumet.
  1309 | D:2      | Found a faded altar to an unknown god.
  1318 | D:2      | Noticed Natasha
  1328 | D:2      | Mangled by Natasha

Action                   || total
-------------------------++-------
Melee: Hand axe          ||    90
  Use: Scroll            ||     2
       Potion            ||     1
 Stab: Sleeping          ||     1
  Eat: Chunk             ||     1
